cohdb
Replays
Latest Replays
All Replays
Popular Replays
Top Player Replays
Match Explorer
How It Works
Community
CoH3 Stats
Reddit
Sign in to upload your games and track your stats! →
Sign in with Steam
Match 45353898
Unlisted
Match 45353898
Overview
Messages
Build Orders
End
Selects Armored Battlegroup
Construct Barracks
Selects Veteran Crews
Riflemen Squad
Riflemen Squad
1⁄4-ton 4x4 Truck
Grenade Package
Riflemen Squad
Construct Medical Station
Mechanized Support Center
Selects M31 Recovery Vehicle
1⁄4-ton 4x4 Truck
Riflemen Squad
M1918 Browning Automatic Rifles
Selects War Machine
Riflemen Squad
Riflemen Squad
Construct Motor Pool
M8 Greyhound Armored Car
M1 Anti-tank Gun Team
Selects Strength in Steel
Moenokel
Mantakoo
SneaKerz
gb_gbg
Ben.SEZ
Emmortael
Fabrics
KOCATEPE
0
0
Comments
sign in to comment!
No comments posted yet!